 Dungeon Crawl Stone Soup version 0.19.1 (webtiles) character file.

574 Rrauwl the Chopper (level 7, 0/94 HPs)
             Began as a Minotaur Berserker on Nov 28, 2016.
             Was a Priest of Trog.
             Killed from afar by an orc wizard (15 damage)
             ... with a puff of frost
             ... on level 3 of the Dungeon.
             The game lasted 00:12:30 (1808 turns).

Rrauwl the Chopper (Minotaur Berserker)             Turns: 1808, Time: 00:12:32

Health: 0/94       AC: 11    Str: 28    XL:     7   Next: 12%
Magic:  15/15      EV: 10    Int:  4    God:    Trog [***...]
Gold:   219        SH:  0    Dex: 10    Spells: 0 memorised, 6 levels left

rFire  + . .     SeeInvis .     j - +1 hand axe (chop)
rCold  x . .     Gourm    .     a - +0 chain mail
rNeg   . . .     Faith    .     (no shield)
rPois  .         Spirit   .     (helmet restricted)
rElec  .         Reflect  .     (no cloak)
rCorr  .         Harm     .     (no gloves)
MR     .....                    b - +0 pair of boots
Stlth  ..........               (no amulet)
                                e - ring of fire
                                d - ring of magical power

@: berserking (expiring), very quick
A: retaliatory headbutt, horns 2
a: Berserk, Trog's Hand, Burn Spellbooks, Renounce Religion


You were on level 3 of the Dungeon.
You worshipped Trog.
Trog was most pleased with you.
You were hungry.

You visited 1 branch of the dungeon, and saw 3 of its levels.

You collected 219 gold pieces.

Inventory:

Hand Weapons
 j - a +1 hand axe of chopping (weapon)
Armour
 a - a +0 chain mail (worn)
 b - a +0 pair of boots (worn)
Jewellery
 d - a ring of magical power (left hand)
 e - a ring of fire (right hand)
Wands
 i - a wand of digging (5/24)
 k - a wand of enslavement (4/24)
 l - a wand of slowing (25/48)
Potions
 g - a potion of berserk rage
Comestibles
 c - 4 bread rations
 f - 13 chunks of flesh
 h - 3 meat rations


   Skills:
 + Level 6.0 Fighting
 + Level 6.3 Axes
 + Level 5.7 Armour
 - Level 3.0 Dodging


You had 6 spell levels left.
You didn't know any spells.

Dungeon Overview and Level Annotations

Branches:
Dungeon (3/15)

Altars:
The Shining One


Innate Abilities, Weirdness & Mutations

You reflexively headbutt those who attack you in melee.
You have a pair of horns on your head.


Message History

The gnoll is heavily wounded.
You hit the giant cockroach.
You kill the giant cockroach!
Trog accepts your kill.
You hit the orc but do no damage. The gnoll closely misses you.
The orc hits you but does no damage.
You completely miss the orc wizard. You hit the orc. You slash the gnoll!
You kill the gnoll!
Trog accepts your kill. The gnoll closely misses you. The orc hits you.
* * * LOW HITPOINT WARNING * * *
Unknown command.
You miss the orc wizard. You headbutt the orc wizard.
The orc wizard is lightly wounded.
You slash the orc!
You kill the orc!
Trog accepts your kill.
The orc wizard gestures at you while chanting.
The puff of frost hits you!
You feel a terrible chill!
You die...

..................#
................#
...))...........#
..).)...........## ..
.................# ...
.......gs........####.#.
.......g................
.....#..(>.#####.#..<...
...gg####### #@[......
.###†## #####)o......
....g.# #....g.......
......# #............
......# #........##..
....s.### #....###.# .
........####....# ...
##...##g........# #...#
##.#.......#....# ...#


You could see an orc wizard and a gnoll.

Vanquished Creatures
  Sigmund (D:3)
  4 orc wizards (D:3)
  An orc priest (D:3)
  Jessica (D:3)
  Terence (D:2)
  Robin (D:2)
  8 gnolls
  5 adders
  A dart slug (D:1)
  2 leopard geckos (D:2)
  8 orcs (D:3)
  5 giant cockroaches
  14 goblins
  5 hobgoblins
  4 jackals (D:1)
  A quokka (D:2)
  8 bats
  4 frilled lizards
  5 kobolds
  7 rats
86 creatures vanquished.

Notes
Turn   | Place    | Note
-------+----------+-------------------------------------------
     0 | D:1      | Rrauwl the Minotaur Berserker began the quest for the Orb.
     0 | D:1      | Reached XP level 1. HP: 19/19 MP: 0/0
   107 | D:1      | Reached XP level 2. HP: 10/27 MP: 1/1
   528 | D:2      | Reached ** piety under Trog
   615 | D:2      | Found a glowing golden altar of the Shining One.
   694 | D:2      | Noticed Terence
   702 | D:2      | Killed Terence
   702 | D:2      | Reached XP level 3. HP: 23/33 MP: 2/2
   837 | D:2      | Noticed Robin
   848 | D:2      | Reached XP level 4. HP: 40/40 MP: 3/3
   865 | D:2      | Killed Robin
  1175 | D:2      | Reached XP level 5. HP: 44/47 MP: 4/4
  1345 | D:3      | Reached skill level 5 in Axes
  1356 | D:3      | Reached *** piety under Trog
  1388 | D:3      | Noticed Sigmund
  1413 | D:3      | Killed Sigmund
  1413 | D:3      | Reached skill level 5 in Fighting
  1413 | D:3      | Reached skill level 5 in Armour
  1413 | D:3      | Reached XP level 6. HP: 24/56 MP: 5/5
  1549 | D:3      | Noticed Jessica
  1561 | D:3      | Killed Jessica
  1729 | D:3      | Reached XP level 7. HP: 62/62 MP: 6/6
  1808 | D:3      | Killed from afar by an orc wizard

Skill      XL: |  1  2  3  4  5  6  7 |
---------------+----------------------+-----
Axes           | 4 5 6 |  6.3
Armour         | 3 5 |  5.7
Fighting       | 4 5 6 |  6.0
Dodging        | 3 |  3.0

Action                   |  1- 3 |  4- 6 |  7- 9 || total
-------------------------+-------+-------+-------++-------
Melee: Hand axe          |    70 |   129 |    12 ||   211
       Headbutt          |    11 |    17 |     3 ||    31
Invok: Berserk           |       |     1 |     1 ||     2
  Use: Potion            |     3 |     1 |       ||     4
       Scroll            |     4 |     1 |     2 ||     7
  Eat: Chunk             |       |     4 |       ||     4
Armor: Animal skin       |     9 |       |       ||     9
       Chain mail        |     7 |    57 |    10 ||    74
Dodge: Dodged            |    36 |    51 |    13 ||   100
Block: Buckler           |     4 |     3 |       ||     7
